 Dungeon Crawl Stone Soup version 0.29.1-2-gbd0b4ee654 (webtiles) character file.

Game seed: 17046223865879975365

4447 qeuew the Spear-Bearer (level 10, -2/79 HPs)
             Began as a Merfolk Gladiator on Nov 15, 2022.
             Was an Initiate of Gozag.
             Slain by a slime creature (12 damage)
             ... on level 6 of the Dungeon.
             The game lasted 00:18:02 (9874 turns).

qeuew the Spear-Bearer (Merfolk Gladiator)          Turns: 9874, Time: 00:18:02

Health: -2/79      AC:  8    Str: 17    XL:     10   Next: 37%
Magic:  10/10      EV: 17    Int:  8    God:    Gozag
Gold:   1256       SH: 10    Dex: 23    Spells: 9/9 levels left

rFire   . . .      SeeInvis .   a - +0 trident
rCold   . . .      Faith    .   w - +0 kite shield
rNeg    . . .      Spirit   .   b - +0 leather armour
rPois   .          Reflect  .   i - +1 helmet
rElec   .          Harm     .   (no cloak)
rCorr   .          Rampage  .   (no gloves)
Will    .....                   r - +1 pair of boots
Stlth   ++........              (no amulet)
HPRegen 0.23/turn               c - +4 ring of slaying
MPRegen 0.12/turn               o - +6 ring of dexterity

@: no status effects
A: (nimble swimmer 2), mertail, evolution 1
a: Renounce Religion, Potion Petition, Call Merchant, Bribe Branch


You were on level 6 of the Dungeon.
You worshipped Gozag.
Gozag was most pleased with you.
You visited 1 branch of the dungeon, and saw 8 of its levels.

You collected 1304 gold pieces.
You paid 48 gold pieces to Gozag.

Inventory:

Hand Weapons
 a - a +0 trident (weapon)
Missiles
 d - 11 throwing nets (quivered)
 e - 3 javelins
Armour
 b - a +0 leather armour (worn)
 i - a +1 helmet (worn)
 r - a +1 pair of boots (worn)
 w - a +0 kite shield (worn)
Jewellery
 c - a +4 ring of slaying (left hand)
 o - a +6 ring of dexterity (right hand)
 s - a ring of protection from cold
Wands
 f - a wand of polymorph (14)
 t - a wand of roots (7)
Scrolls
 g - a scroll of fog
 l - 2 scrolls of fear
 m - a scroll of teleportation
 n - 3 scrolls of identify
 p - a scroll of amnesia
 u - 2 scrolls of noise {unknown}
 v - a scroll of poison {unknown}
Potions
 h - 4 potions of curing
 j - a potion of haste
 k - 2 potions of brilliance


   Skills:
 + Level 7.0 Fighting
 + Level 9.1 Polearms
 + Level 6.2 Throwing
 + Level 4.4 Armour
 + Level 8.9 Dodging
 + Level 2.1 Shields
 + Level 5.2 Evocations


You had 9 spell levels left.
You didn't know any spells.
Your spell library contained the following spells:

 Spells                   Type           Power      Damage    Failure   Level
 Magic Dart               Conj           0%         1d3       86%         1
 Summon Small Mammal      Summ           0%         N/A       86%         1
 Searing Ray              Conj           0%         2d4       95%         2
 Call Canine Familiar     Summ           0%         N/A       99%         3
 Frozen Ramparts          Ice            0%         1d1       99%         3
 Summon Guardian Golem    Hex/Summ       0%         N/A       99%         3
 Fulminant Prism          Conj/Hex       0%         3d6       100%        4
 Ice Form                 Ice/Tmut       0%         N/A       100%        4
 Summon Ice Beast         Ice/Summ       0%         N/A       100%        4
 Borgnjor's Revivificati  Necr           0%         N/A       100%        8
 Necromutation            Tmut/Necr      0%         N/A       100%        8
 Death's Door             Necr           0%         N/A       100%        9


Dungeon Overview and Level Annotations

Branches:
Dungeon (8/15)             Temple (0/1) D:4
   Lair: D:8-11

Altars:
Cheibriados
Elyvilon
Fedhas
Gozag
Hepliaklqana
Trog
Uskayaw
Vehumet
Wu Jian
Xom
The Shining One

Shops:
D:1 ?   D:6 !


Innate Abilities, Weirdness & Mutations

((You are very nimble when in or above water. (Stealth+, EV+, Speed+++)))
Your lower body shifts to a powerful aquatic tail in water.
You have hidden genetic potential.


Message History

You puncture the large slime creature!
The large slime creature is heavily wounded.
The slime creature closely misses you.
A large slime creature splits.
You puncture the slime creature!
The slime creature is severely wounded.
You block the slime creature's attack. The slime creature hits you!
The slime creature closely misses you.
You puncture the slime creature!
The slime creature is almost dead.
The slime creature misses you.
The slime creature completely misses you.
The slime creature hits you!!
You are too injured to fight recklessly!
You are too injured to fight recklessly!
You are too injured to fight recklessly!
You are too injured to fight recklessly!
You are too injured to fight recklessly!
You are too injured to fight recklessly!
You are too injured to fight recklessly!
You are too injured to fight recklessly!
You are too injured to fight recklessly!
You are too injured to fight recklessly!
You are too injured to fight recklessly!
You are too injured to fight recklessly!
You are too injured to fight recklessly!
You are too injured to fight recklessly!
You are too injured to fight recklessly!
You are too injured to fight recklessly!
You hit the slime creature.
The slime creature is almost dead.
The slime creature closely misses you. The slime creature hits you!
* * * LOW HITPOINT WARNING * * *
The slime creature misses you.
Unknown command.
You feel much better. You block the slime creature's attack.
The slime creature hits you!
* * * LOW HITPOINT WARNING * * *
The slime creature hits you!
You die...
Your body crumbles into a pile of gold.

..#......)...)...........##.####.
.##....).....................# ##
..#..................##......####
##########............#.........#
##########...#.............
÷....##J#########..#.............
P.÷.P#.#.#....###...............)
.....#.#J#.....##....###........#
.P÷P.#J#'#.....J@..#####.......##
..÷÷J#J#..J....JJ....##...##..##
P÷.JJ#J#........'.........##..#
...J.#.#...)=..##...#.....#..##
...J.J##......###...##........###
.....########## #...###.####....#
###### ##..###..##......
####..............
.......<.)...##.....


You could see 3 slime creatures and a jelly (wandering).

Vanquished Creatures
  6 yaks (D:6)
  2 steam dragons (D:6)
  An orc warrior (D:8)
  2 ice beasts (D:6)
  An ogre (D:4)
  A black bear (D:4)
  A wolf (D:5)
  2 centaurs
  2 phantoms
  3 kobold brigands (D:6)
  2 necrophages
  3 gnoll sergeants (D:6)
  4 scorpions
  4 wights (D:7)
  A water moccasin zombie (D:5)
  2 water moccasin skeletons (D:5)
  A howler monkey (D:4)
  2 bullfrog zombies (D:5)
  4 hounds
  8 jellies
  An orc priest (D:5)
  4 gnoll boudas
  Ijyb (D:4)
  8 iguanas
  2 orc wizards (D:5)
  A killer bee zombie (D:5)
  30 gnolls
  A howler monkey zombie (D:5)
  5 adders
  A shadow imp (D:5)
  2 white imps (D:7)
  2 ufetubi
  2 worms
  5 dart slugs
  14 orcs
  7 bats
  6 endoplasms
  6 giant cockroaches
  10 hobgoblins
  18 jackals
  13 kobolds
  4 quokkas
  8 ball pythons
  4 frilled lizards
  5 goblins
  3 rats
215 creatures vanquished.

Vanquished Creatures (others)
  7 fungi
  6 toadstools (D:6)
13 creatures vanquished.

Grand Total: 228 creatures vanquished

Notes
Turn   | Place    | Note
-------+----------+-------------------------------------------
     0 | D:1      | qeuew the Merfolk Gladiator began the quest for the Orb.
     0 | D:1      | Reached XP level 1. HP: 16/16 MP: 1/1
   219 | D:1      | Reached XP level 2. HP: 23/23 MP: 2/2
   486 | D:1      | Found Heymmonunn's Magic Scroll Shop.
   596 | D:1      | Reached XP level 3. HP: 27/28 MP: 3/3
   606 | D:1      | Found a faded altar of an unknown god.
   949 | D:2      | Reached XP level 4. HP: 26/34 MP: 4/4
   961 | D:2      | Reached skill level 1 in Armour
  1857 | D:3      | Reached XP level 5. HP: 23/41 MP: 5/5
  2239 | D:3      | Reached skill level 5 in Polearms
  2444 | D:3      | Found a snail-covered altar of Cheibriados.
  2451 | D:3      | Found a radiant altar of Vehumet.
  2451 | D:3      | Found a blossoming altar of Fedhas.
  2452 | D:3      | Found a glowing golden altar of the Shining One.
  2453 | D:3      | Found a white marble altar of Elyvilon.
  2454 | D:3      | Found a shimmering altar of Xom.
  2456 | D:3      | Found an opulent altar of Gozag.
  2466 | D:3      | Became a worshipper of Gozag Ym Sagoz the Greedy
  2631 | D:4      | Noticed Ijyb
  2641 | D:4      | Killed Ijyb
  2642 | D:4      | Reached skill level 5 in Dodging
  2652 | D:4      | Noticed a phantom
  2656 | D:4      | Killed a phantom
  2657 | D:4      | Reached XP level 6. HP: 44/47 MP: 6/6
  2767 | D:4      | Found a staircase to the Ecumenical Temple.
  3033 | D:4      | Reached XP level 7. HP: 34/54 MP: 7/7
  3682 | D:4      | Gained mutation: You are frail. (-10% HP) [potion of
                  | mutation]
  3682 | D:4      | Lost mutation: You are frail. (-10% HP) [potion of
                  | mutation]
  3682 | D:4      | Gained mutation: Your magical capacity is low. (-10% MP)
                  | [potion of mutation]
  3682 | D:4      | Gained mutation: You are partially covered in iridescent
                  | scales. (AC +2) [potion of mutation]
  3738 | D:5      | Entered Level 5 of the Dungeon
  3845 | D:4      | Reached skill level 6 in Polearms
  3845 | D:4      | Reached skill level 1 in Evocations
  4520 | D:5      | Reached XP level 8. HP: 34/61 MP: 7/7
  4812 | D:5      | Reached skill level 5 in Fighting
  4973 | D:5      | You fall into a shaft and drop 3 floors!
  4975 | D:8      | Noticed a +0 falchion
  4975 | D:8      | Noticed a +0 dagger
  4975 | D:8      | Noticed a +0 short sword
  4976 | D:8      | Noticed a +0 short sword
  4977 | D:8      | Noticed a +0 spear
  4977 | D:8      | Noticed a +0 dagger
  4977 | D:8      | Noticed a +0 falchion
  4978 | D:8      | Noticed a +0 spear
  4992 | D:8      | Found a hide-covered altar of Uskayaw.
  5027 | D:8      | Reached skill level 7 in Polearms
  5581 | D:7      | Found an ornate altar of the Wu Jian Council.
  5583 | D:7      | Found a hazy altar of Hepliaklqana.
  5792 | D:6      | Reached skill level 5 in Throwing
  5792 | D:6      | Reached XP level 9. HP: 68/68 MP: 8/8
  6157 | D:6      | HP: 3/69 [steam dragon/ball of steam (15)]
  6759 | D:5      | Reached skill level 8 in Polearms
  7365 | D:6      | Found Igod's Distillery.
  8520 | D:6      | Reached skill level 1 in Shields
  8520 | D:6      | Reached XP level 10. HP: 23/77 MP: 9/9
  8534 | D:6      | Lost mutation: Your magical capacity is low. (-10% MP)
                  | [potion of mutation]
  8534 | D:6      | Lost mutation: You are partially covered in iridescent
                  | scales. (AC +2) [potion of mutation]
  8534 | D:6      | Gained mutation: You have hidden genetic potential. [potion
                  | of mutation]
  8555 | D:6      | Reached skill level 5 in Evocations
  8561 | D:6      | HP: 2/77 [yak (9)]
  8966 | D:6      | Reached skill level 9 in Polearms
  9120 | D:6      | Found a bloodstained altar of Trog.
  9874 | D:6      | Slain by a slime creature

Illustrated notes

Levels and vault maps discovered:
D:1:      lightli_arrival_chessboard, layout_loops_ring, serial_shops, shop,
          shapermc_ecumenical_altar_mp_ritualfount, columned_hall_lemuel
D:2:      layout_rooms, minmay_fractal_squares_5
D:3:      layout_rooms, minitemple
D:4:      layout_basic, minmay_temple_entry_purple_smoke,
          minmay_three_crescents, uniq_ijyb
D:5:      layout_rooms, serial_undead, serial_undead_d, serial_undead_a,
          serial_undead_a, serial_undead_e
D:6:      cheibrodos_fertilizer, layout_cave_pools, lightli_temple_of_fire,
          serial_gnoll_camp, gnoll_camp_huts_basic, gnoll_camp_mini_shop,
          gnoll_camp_mini_loothouse, gnoll_camp_medium_02,
          gnoll_camp_mini_doghouse, serial_shops, shop, nrook_campfire,
          corner_web_ring, minmay_misc_feat_encased
D:7:      layout_loops_ring, mainiacjoe_overflow_cross_hatched,
          jmf_multi_god_temple, kennysheep_diamond,
          chequers_serial_rivers_room_b, nicolae_shop_firing_range,
          uniq_menkaure
D:8:      layout_rooms, nicolae_uskayaw_en_pointe, enter_bailey_5

Skill      XL: |  1  2  3  4  5  6  7  8  9 10 |
---------------+-------------------------------+-----
Armour         | 1 2 3 4 |  4.4
Fighting       | 3 4 5 6 7 |  7.0
Polearms       | 5 6 7 8 9 |  9.1
Throwing       | 3 4 5 6 |  6.2
Dodging        | 5 6 7 8 |  8.9
Evocations     | 1 3 4 5 |  5.2
Shields        | 1 2 |  2.1

Action                   |  1- 3 |  4- 6 |  7- 9 | 10-12 || total
-------------------------+-------+-------+-------+-------++-------
Melee: Trident           |    67 |   191 |   478 |   119 ||   855
       Punch             |       |     2 |     6 |       ||     8
       Unarmed           |       |     9 |       |       ||     9
Throw: Throwing net      |       |       |     1 |     2 ||     3
  Use: Scroll            |     2 |     6 |     6 |     1 ||    15
       Potion            |     1 |     1 |     4 |     3 ||     9
 Stab: Sleeping          |       |     4 |     2 |       ||     6
       Held in net/web   |       |       |       |     1 ||     1
Armor: Leather armour    |    15 |    81 |   136 |     6 ||   238
       Skin              |       |     2 |       |       ||     2
Dodge: Dodged            |    40 |   183 |   405 |    67 ||   695
Block: Kite shield       |       |       |    34 |    35 ||    69
